 Dungeon Crawl Stone Soup version 0.26.0-16-gc1dbca0489 (webtiles) character file.

Game seed: 3413415702137892106

3642 teolandon225 the Covert (level 9, -13/39 HPs)
             Began as a Spriggan Enchanter on Jan 21, 2021.
             Was a Follower of Dithmenos.
             Mangled by an ogre
             ... wielding a +0 giant spiked club
              (27 damage)
             ... on level 9 of the Dungeon.
             The game lasted 00:19:23 (13142 turns).

teolandon225 the Covert (Spriggan Enchanter)       Turns: 13142, Time: 00:19:23

Health: -13/39     AC:  4    Str:  4    XL:     9   Next: 88%
Magic:  4/14       EV: 27    Int: 19    God:    Dithmenos [*.....]
Gold:   502        SH:  0    Dex: 23    Spells: 2/13 levels left

rFire    . . .     SeeInvis +   g - +4 dagger (drain)
rCold    . . .     Faith    .   (shield restricted)
rNeg     . . .     Spirit   .   C - +0 robe {Will+}
rPois    .         Reflect  .   (helmet restricted)
rElec    .         Harm     .   f - +1 cloak
rCorr    .         Rampage  .   (gloves unavailable)
Will     ++...                  (boots unavailable)
Stlth    +++++++...             (no amulet)
HPRegen  0.13/turn              u - +6 ring of dexterity
MPRegen  0.14/turn              (no ring)

@: wreathed by umbra, very quick
A: very small, unfitting armour, see invisible, speed 3
a: Renounce Religion


You were on level 9 of the Dungeon.
You worshipped Dithmenos.
Dithmenos was aware of your devotion.
You visited 2 branches of the dungeon, and saw 10 of its levels.
You also visited: Sewer and Ossuary.

You collected 502 gold pieces.

Inventory:

Hand Weapons
 g - a +4 dagger of draining (weapon)
 x - the +7 falchion "Utuntio" {vorpal, rF+}
   (You found it on level 6 of the Dungeon)

   It inflicts extra damage upon your enemies.
   It protects you from fire.
Armour
 f - a +1 cloak (worn)
 n - +0 swamp dragon scales
 C - a +0 robe of willpower (worn)
Jewellery
 a - a +6 ring of dexterity
 u - a +6 ring of dexterity (left hand)
 D - a cursed ring of attention {unknown}
Wands
 B - a wand of disintegration (2)
Scrolls
 c - 7 scrolls of remove curse
 d - 6 scrolls of fear
 e - 2 scrolls of amnesia
 h - a scroll of blinking
 k - a scroll of magic mapping {unknown}
 o - 2 scrolls of identify
 p - 4 scrolls of teleportation
 y - 2 scrolls of holy word
 A - a scroll of enchant armour
Potions
 b - a potion of resistance {unknown}
 i - a potion of ambrosia
 j - 3 potions of lignification
 l - 3 potions of haste
 m - 5 potions of curing
 q - 4 potions of flight
 r - 2 potions of mutation
 s - a potion of attraction
 t - a potion of brilliance
 v - 3 potions of cancellation
 w - a potion of invisibility
 z - a potion of berserk rage


   Skills:
 - Level 1.1 Short Blades
 + Level 9.5 Dodging
 * Level 13.9 Stealth
 - Level 2.6 Spellcasting
 * Level 11.2 Hexes


You had 2 spell levels left.
You knew the following spells:

 Your Spells              Type           Power        Failure   Level
e - Tukima's Dance        Hex            45%          1%          3
q - Ensorcelled Hibernat  Hex/Ice        46%          2%          2
r - Dazzling Flash        Conj/Hex       46%          4%          3
w - Confusing Touch       Hex            45%          1%          3

Your spell library contained the following spells:

 Spells                   Type           Power        Failure   Level
 Corona                   Hex            50%          1%          1
 Animate Skeleton         Necr           4%           16%         1
 Apportation              Tloc           4%           16%         1
 Shock                    Conj/Air       8%           16%         1
 Summon Small Mammal      Summ           8%           16%         1
 Swiftness                Air            2%           24%         2
 Static Discharge         Conj/Air       2%           43%         3
 Airstrike                Air            1%           83%         4
 Lightning Bolt           Conj/Air       1%           99%         5


Dungeon Overview and Level Annotations

Branches:
Dungeon (9/15)             Temple (1/1) D:7           Sewer (visited)
Ossuary (visited)
   Lair: D:8-11         Orc: D:9-12

Altars:
Ashenzari
Cheibriados
Dithmenos
Elyvilon
Fedhas
Gozag
Hepliaklqana
Kikubaaqudgha
Makhleb
Nemelex Xobeh
Okawaru
Qazlal
Ru
Sif Muna
Trog
Uskayaw
Vehumet
Wu Jian
Xom
Yredelemnul
Zin
The Shining One

Annotations:
D:2 exclusion: downstairs
D:3 exclusion: downstairs
D:8 exclusion: downstairs


Innate Abilities, Weirdness & Mutations

You are very small and have problems with some larger weapons.
You are too small for most types of armour.
You have supernaturally acute eyesight. (SInv)
You cover ground extremely quickly.


Message History

The hound resists with significant effort.
The hound bites you but does no damage.
Casting: Ensorcelled Hibernation (safe; 2% risk of failure)
Confirm with . or Enter, or press ? or * to list all spells.
Aiming: Ensorcelled Hibernation (safe; 2% risk of failure)
Press: ? - help, Shift-Dir - straight line, f/p - hound
Aim: a hound (umbra, chance to affect: 62%)
The hound looks drowsy...
The helpless hound fails to defend itself.
You spit the hound like a pig!!!!
You kill the hound!
Dithmenos accepts your kill.
You see here a scroll labelled HEUTOY BEIDGHA.
k - a scroll labelled HEUTOY BEIDGHA You see here 5 gold pieces.
You see here 5 gold pieces.
You now have 502 gold pieces (gained 5).
The ogre hits you with a +0 giant spiked club!!
Ouch! That really hurt!
You die...

#........# .
#........#
..##########...†....#
........#...#######
............##
#..(...h....#
#...........#
#...........#
##..@O.....##
##...#...## #########


You could see a black bear and an ogre.

Vanquished Creatures
  A two-headed ogre (D:8)
  Maggie (D:6)
  2 orc warriors
  A sky beast (D:6)
  2 phantoms (D:4)
  An ogre (D:6)
  A centaur (D:5)
  2 big kobolds
  5 bullfrogs
  3 scorpions
  A water moccasin skeleton (D:5)
  2 killer bees (D:8)
  3 wights (D:7)
  2 howler monkeys
  3 hounds
  A centaur zombie (Ossuary)
  A human zombie (Ossuary)
  4 orc priests
  A bullfrog zombie (D:7)
  A centaur skeleton (D:7)
  2 jellies
  A bullfrog skeleton (D:4)
  2 iguanas
  3 orc wizards
  8 worker ants
  A hound skeleton (D:9)
  5 mummies
  A howler monkey zombie (D:5)
  2 adders (D:2)
  7 gnolls
  3 river rats
  2 white imps
  An ufetubus (D:8)
  7 adder skeletons
  3 worms
  A dart slug (D:1)
  3 leopard geckos
  29 orcs
  8 bats
  A bat skeleton (D:2)
  A bat zombie (D:2)
  4 giant cockroaches
  3 gnoll zombies (Ossuary)
  4 goblins
  7 hobgoblins
  10 jackals
  9 quokkas
  A ball python (D:4)
  6 frilled lizards
  3 goblin zombies
  A hobgoblin zombie (D:5)
  2 jackal zombies (D:2)
  12 kobolds
  A kobold zombie (Ossuary)
  A leopard gecko skeleton (D:4)
  A quokka skeleton (D:4)
  11 rats
205 creatures vanquished.

Vanquished Creatures (collateral kills)
  2 wights (D:7)
2 creatures vanquished.

Vanquished Creatures (others)
  A dancing weapon (D:7)
  A plant (D:4)
  3 withered plants (D:2)
5 creatures vanquished.

Grand Total: 212 creatures vanquished

Notes
Turn   | Place    | Note
-------+----------+-------------------------------------------
     0 | D:1      | teolandon225 the Spriggan Enchanter began the quest for the
                  | Orb.
     0 | D:1      | Reached XP level 1. HP: 9/9 MP: 5/5
   408 | D:1      | Reached XP level 2. HP: 13/13 MP: 4/6
   635 | D:1      | Learned a level 2 spell: Ensorcelled Hibernation
   690 | D:1      | Reached skill level 5 in Stealth
  1358 | D:2      | Reached XP level 3. HP: 16/16 MP: 8/8
  1536 | D:2      | Learned a level 3 spell: Confusing Touch
  1644 | D:2      | Found an opulent altar of Gozag.
  2718 | D:3      | Reached XP level 4. HP: 21/21 MP: 6/9
  2893 | D:3      | Reached skill level 6 in Stealth
  3755 | D:3      | Found a shimmering blue altar of Sif Muna.
  4439 | D:3      | Reached skill level 5 in Hexes
  4653 | D:3      | Reached XP level 5. HP: 21/24 MP: 5/10
  4759 | D:4      | Reached skill level 7 in Stealth
  4872 | D:4      | Noticed a phantom
  4912 | D:4      | Killed a phantom
  4913 | D:4      | Reached XP level 6. HP: 28/28 MP: 6/11
  4931 | D:4      | Reached skill level 5 in Dodging
  4964 | D:4      | Found a glowing drain.
  4969 | Sewer    | Entered a sewer
  5399 | Sewer    | Reached skill level 8 in Stealth
  5653 | Sewer    | Found a glowing silver altar of Zin.
  6069 | D:4      | Reached XP level 7. HP: 30/32 MP: 9/12
  6550 | D:4      | Reached skill level 9 in Stealth
  6910 | D:5      | Entered Level 5 of the Dungeon
  7053 | D:5      | Found a sand-covered staircase.
  7089 | D:5      | Learned a level 3 spell: Dazzling Flash
  7093 | D:5      | Learned a level 3 spell: Tukima's Dance
  7094 | Ossuary  | Entered an ossuary
  7578 | D:5      | Reached skill level 10 in Stealth
  7651 | D:5      | Reached XP level 8. HP: 36/36 MP: 10/13
  7715 | D:5      | Found a hide-covered altar of Uskayaw.
  7715 | D:5      | Found a broken altar of Ashenzari.
  7716 | D:5      | Found a burning altar of Makhleb.
  7946 | D:6      | Noticed Maggie
  7954 | D:6      | Killed Maggie
  8298 | D:6      | Reached skill level 11 in Stealth
  8438 | D:6      | Got an ichor-stained falchion
  9825 | D:6      | Reached skill level 12 in Stealth
  9865 | D:7      | Reached XP level 9. HP: 39/39 MP: 9/14
 10138 | D:7      | Found a glowing golden altar of the Shining One.
 10606 | D:7      | Reached skill level 10 in Hexes
 10677 | D:7      | Found a staircase to the Ecumenical Temple.
 10702 | Temple   | Entered the Ecumenical Temple
 10845 | Temple   | Became a worshipper of Dithmenos the Shadowed
 11211 | D:7      | Identified the +7 falchion "Utuntio" {vorpal, rF+} (You
                  | found it on level 6 of the Dungeon)
 11244 | D:7      | Found a snail-covered altar of Cheibriados.
 11753 | D:8      | Noticed a two-headed ogre
 11757 | D:8      | Killed a two-headed ogre
 11758 | D:8      | Reached skill level 13 in Stealth
 13017 | D:9      | Reached * piety under Dithmenos
 13142 | D:9      | Mangled by an ogre

Illustrated notes

Levels and vault maps discovered:
D:1:      wander_arrival_peaceful_grave, layout_basic
D:2:      layout_loops_ring, lemuel_coloured_pillars_altar, serial_undead,
          serial_undead_d, serial_undead_c, serial_undead_f, serial_undead_b,
          serial_undead_b, serial_undead_d
D:3:      layout_basic, lemuel_doored_altar, minmay_misc_feat_pillars
D:4:      layout_loops_cross, portal_sewer_entry_e, serial_forest,
          infiniplex_forest_zigzag_2, infiniplex_forest_lined_2,
          infiniplex_forest_end_2, infiniplex_forest_straight_4,
          infiniplex_forest_lined_room_, infiniplex_forest_lined_3,
          infiniplex_forest_zigzag_1
D:5:      layout_basic, chequers_temple_overflow_statue_of_worship,
          nicolae_ossuary_entry_giza
D:6:      layout_layer_cave, uniq_maggie
D:7:      layout_loops_ring, general_overflow_altar, temple_green,
          tso_metal_star
D:8:      layout_cave_pools
D:9:      layout_rooms, uniq_erolcha
Temple:   regret_index_temple_sphere_string

Skill      XL: |  1  2  3  4  5  6  7  8  9 |
---------------+----------------------------+-----
Hexes          | 4 5 6 7 9 11 | 11.2
Stealth        | 5 6 7 8 10 12 13 | 13.9
Dodging        | 4 5 6 8 9 |  9.5
Short Blades   | |  1.1
Spellcasting   | |  2.6

Action                   |  1- 3 |  4- 6 |  7- 9 || total
-------------------------+-------+-------+-------++-------
Melee: Dagger            |   132 |   231 |   234 ||   597
 Cast: Corona            |     4 |       |       ||     4
       Ensorcelled Hiber |    30 |    63 |   109 ||   202
       Confusing Touch   |       |     5 |    28 ||    33
       Tukima's Dance    |       |       |     5 ||     5
  Use: Scroll            |       |    18 |     9 ||    27
       Potion            |       |     5 |     1 ||     6
 Stab: Sleeping          |    26 |    38 |    81 ||   145
       Confused          |       |     7 |    19 ||    26
Armor: Robe              |    22 |    22 |    15 ||    59
       Skin              |       |    13 |       ||    13
Dodge: Dodged            |   146 |   205 |   248 ||   599
